 Dungeon Crawl Stone Soup version 0.26.0-45-g9c1d065592 (webtiles) character file.

Game seed: 12896713374824043219

5033 kaeus the Magician (level 10, -6/74 HPs)
             Began as a Gnoll Venom Mage on Jan 30, 2021.
             Was an Initiate of Ashenzari.
             Killed by the air
             ... invoked by Gastronok
              (26 damage)
             ... on level 8 of the Dungeon.
             The game lasted 00:10:04 (9512 turns).

kaeus the Magician (Gnoll Venom Mage)               Turns: 9512, Time: 00:10:05

Health: -6/74      AC:  7    Str: 10    XL:     10   Next: 55%
Magic:  0/21       EV: 17    Int: 20    God:    Ashenzari [......]
Gold:   418        SH:  0    Dex: 17    Spells: 12/23 levels left

rFire    . . .     SeeInvis .   a - +5 fustibalus (freeze)
rCold    . . .     Faith    .   (no shield)
rNeg     . . .     Spirit   .   r - +2 robe
rPois    .         Reflect  .   w - +0 helmet
rElec    .         Harm     .   (no cloak)
rCorr    .         Rampage  .   u - -2 pair of gloves (curse)
Will     .....                  E - +1 pair of boots {Stlth+}
Stlth    +++++.....             (no amulet)
HPRegen  0.22/turn              e - ring of wizardry (curse)
MPRegen  0.17/turn              (no ring)

@: radiating poison, studying Crossbows
A: distributed training, fangs 1, strong nose
a: Renounce Religion, Curse Item


You were on level 8 of the Dungeon.
You worshipped Ashenzari.
Ashenzari was noncommittal.
You visited 2 branches of the dungeon, and saw 9 of its levels.
You also visited: Bailey.

You collected 418 gold pieces.

Inventory:

Hand Weapons
 a - a +5 fustibalus of freezing (weapon)
 b - the +3 battleaxe "Dragon's Tongue" {elec, Str+3 Int+10 Stlth-}
   (You found it on level 4 of the Dungeon)

   Occasionally, upon striking a foe, it can discharge electrical energy and
   cause terrible harm.
   It affects your strength (+3).
   It affects your intelligence (+10).
   It makes you less stealthy.
 d - a +0 short sword of speed
 L - a cursed +0 short sword
Missiles
 g - 143 stones (quivered ammo)
 K - 31 sling bullets
Armour
 r - a +2 robe (worn)
 u - a cursed -2 pair of gloves (worn)
 w - a +0 helmet (worn)
 A - a +2 hat
 E - a +1 pair of boots of stealth (worn)
 F - a +0 crystal plate armour
Jewellery
 e - a cursed ring of wizardry (left hand)
Wands
 j - a wand of polymorph (22)
 p - a wand of iceblast (12)
Scrolls
 c - 2 scrolls of identify
 f - 6 scrolls of teleportation
 m - a scroll of blinking
 o - 3 scrolls of immolation
 v - a scroll of magic mapping {unknown}
 y - 3 scrolls of torment {unknown}
 C - 3 scrolls of acquirement {unknown}
 G - a scroll of enchant armour
 H - a scroll of fear {unknown}
 J - a scroll of remove curse
Potions
 h - 2 potions of brilliance
 i - a potion of curing {unknown}
 k - a potion of cancellation {unknown}
 l - a potion of might {unknown}
 n - a potion of flight {unknown}
 s - 2 potions of berserk rage
 t - 4 potions of lignification
 x - a potion of resistance {unknown}
 z - a potion of mutation {unknown}
 B - a potion of heal wounds {unknown}
 I - a potion of attraction {unknown}
Books
 D - a manual of Crossbows
Miscellaneous
 q - a phial of floods


   Skills:
 + Level 5.4 Fighting
 + Level 5.4 Short Blades
 + Level 5.4 Long Blades
 + Level 5.4 Axes
 + Level 5.4 Maces & Flails
 + Level 5.4 Polearms
 + Level 5.4 Staves
 + Level 5.4 Slings
 + Level 5.4 Bows
 + Level 5.7 Crossbows
 + Level 5.4 Throwing
 + Level 5.4 Armour
 + Level 7.1 Dodging
 + Level 6.9 Stealth
 + Level 5.4 Shields
 + Level 5.4 Unarmed Combat
 + Level 7.4 Spellcasting
 + Level 4.4 Conjurations
 + Level 4.4 Hexes
 + Level 4.4 Summonings
 + Level 4.4 Necromancy
 + Level 4.4 Translocations
 + Level 5.0 Transmutations
 + Level 4.4 Fire Magic
 + Level 4.4 Ice Magic
 + Level 4.4 Air Magic
 + Level 4.4 Earth Magic
 + Level 7.1 Poison Magic
 + Level 5.9 Invocations
 + Level 5.4 Evocations


You had 12 spell levels left.
You knew the following spells:

 Your Spells              Type           Power        Failure   Level
a - Sting                 Tmut/Pois      100%         1%          1
b - Olgreb's Toxic Radia  Pois           36%          1%          4
c - Ignite Poison         Fire/Tmut/Pois 29%          1%          3
d - Mephitic Cloud        Conj/Pois/Air  28%          1%          3

Your spell library contained the following spells:

 Spells                   Type           Power        Failure   Level
 Beastly Appendage        Tmut           54%          1%          1
 Poisonous Vapours        Pois/Air       60%          1%          2
 Wereblood                Tmut           27%          1%          2
 Spider Form              Tmut/Pois      15%          1%          3
 Ice Form                 Ice/Tmut       26%          5%          4
 Blade Hands              Tmut           13%          13%         5


Dungeon Overview and Level Annotations

Branches:
Dungeon (8/15)             Temple (1/1) D:6          Bailey (visited)
   Lair: D:8-11

Altars:
Ashenzari
Cheibriados
Dithmenos
Fedhas
Hepliaklqana
Kikubaaqudgha
Makhleb
Okawaru
Ru
Sif Muna
Trog
Vehumet
Wu Jian
Xom
Zin
The Shining One

Shops:
D:7 (

Annotations:
D:4 2 runed translucent doors
D:8 Gastronok


Innate Abilities, Weirdness & Mutations

Your experience applies equally to all skills.
You have very sharp teeth.
Your uncanny sense of smell can sniff out nearby items.


Message History

You shoot a stone.
The stone hits Gastronok but does no damage.
Gastronok is severely wounded.
You shoot a stone. The stone hits Gastronok!
The stone freezes Gastronok.
Gastronok is almost dead.
Gastronok waves his eye-stalks in wide circles.
The air twists around and strikes you!!
* * * LOW HITPOINT WARNING * * *
You take 26 damage, and have 20/74 hp.
MASSIVE DAMAGE!!
You are too injured to fight recklessly!
Casting: Ignite Poison (safe; 1% risk of failure)
Confirm with . or Enter, or press ? or * to list all spells.
You begin to radiate toxic energy.
Gastronok is poisoned.
You now have 4/21 mp.
Casting: Olgreb's Toxic Radiance (dangerous; 1% risk of failure)
Confirm with . or Enter, or press ? or * to list all spells.
Your toxic radiance grows in intensity.
Gastronok looks even sicker.
Gastronok waves his eye-stalks in wide circles.
The air twists around and strikes you!!
You die...

.........#
.>......#
........#
........#
#....(.?#
#..((..#
##(w...#
#.@†.<.#
#.....>(†#
.....####.(...#
...# #..... ##
#$..# (..( ###


You could see Gastronok (very poisoned).

Vanquished Creatures
  Harold (D:7)
  2 orc knights (Bailey)
  Maggie (D:7)
  Prince Ribbit (D:7)
  Grinder (D:3)
  A wyvern (D:7)
  A yak (D:4)
  Edmund (D:4)
  3 orc warriors (Bailey)
  2 black bears
  An ice beast (D:7)
  5 ogres
  2 centaurs (D:7)
  3 bullfrogs
  A scorpion (D:6)
  5 wights (D:7)
  A centaur zombie (D:6)
  A bullfrog skeleton (D:6)
  A quasit (D:5)
  A bullfrog zombie (D:6)
  2 centaur skeletons
  2 hounds
  2 orc priests
  Ijyb (D:3)
  Natasha (twice) (D:3)
  An iguana (D:4)
  2 orc wizards (D:4)
  4 worker ants
  5 gnolls
  A howler monkey skeleton (D:4)
  5 adders
  A shadow imp (D:7)
  2 white imps (D:7)
  3 oozes (D:3)
  An adder skeleton (D:7)
  3 worms (D:3)
  3 dart slugs
  3 leopard geckos
  38 orcs
  5 bats
  7 giant cockroaches
  4 goblins
  8 hobgoblins
  2 jackals (D:6)
  2 kobolds
  4 quokkas
  5 frilled lizards
  A giant cockroach zombie (D:6)
  A leopard gecko skeleton (D:7)
  A quokka zombie (D:4)
  7 rats
  A rat zombie (D:4)
164 creatures vanquished.

Notes
Turn   | Place    | Note
-------+----------+-------------------------------------------
     0 | D:1      | kaeus the Gnoll Venom Mage began the quest for the Orb.
     0 | D:1      | Reached XP level 1. HP: 13/13 MP: 6/6
   467 | D:1      | Reached XP level 2. HP: 19/19 MP: 7/7
  1315 | D:2      | Reached XP level 3. HP: 18/25 MP: 6/9
  1321 | D:2      | Reached skill level 5 in Spellcasting
  1440 | D:2      | Found a faded altar of an unknown god.
  1569 | D:2      | You fall into a shaft and drop 2 floors!
  1581 | D:4      | Reached skill level 1 in Invocations
  1590 | D:5      | Entered Level 5 of the Dungeon
  1915 | D:5      | Noticed an ogre
  1931 | D:5      | Killed an ogre
  1932 | D:5      | Reached skill level 1 in Fighting
  1932 | D:5      | Reached skill level 1 in Short Blades
  1932 | D:5      | Reached skill level 1 in Long Blades
  1932 | D:5      | Reached skill level 1 in Axes
  1932 | D:5      | Reached skill level 1 in Maces & Flails
  1932 | D:5      | Reached skill level 1 in Polearms
  1932 | D:5      | Reached skill level 1 in Staves
  1932 | D:5      | Reached skill level 1 in Slings
  1932 | D:5      | Reached skill level 1 in Bows
  1932 | D:5      | Reached skill level 1 in Crossbows
  1932 | D:5      | Reached skill level 1 in Throwing
  1932 | D:5      | Reached skill level 1 in Armour
  1932 | D:5      | Reached skill level 1 in Shields
  1932 | D:5      | Reached skill level 1 in Unarmed Combat
  1932 | D:5      | Reached skill level 1 in Conjurations
  1932 | D:5      | Reached skill level 1 in Hexes
  1932 | D:5      | Reached skill level 1 in Summonings
  1932 | D:5      | Reached skill level 1 in Necromancy
  1932 | D:5      | Reached skill level 1 in Translocations
  1932 | D:5      | Reached skill level 1 in Fire Magic
  1932 | D:5      | Reached skill level 1 in Ice Magic
  1932 | D:5      | Reached skill level 1 in Air Magic
  1932 | D:5      | Reached skill level 1 in Earth Magic
  1932 | D:5      | Reached skill level 1 in Evocations
  1932 | D:5      | Reached XP level 4. HP: 29/32 MP: 6/11
  1932 | D:5      | Reached XP level 5. HP: 34/37 MP: 6/12
  2119 | D:5      | Learned a level 4 spell: Olgreb's Toxic Radiance
  2123 | D:5      | Learned a level 3 spell: Ignite Poison
  2127 | D:5      | Learned a level 3 spell: Mephitic Cloud
  2226 | D:4      | Noticed Edmund
  2244 | D:4      | Killed Edmund
  2245 | D:4      | Reached XP level 6. HP: 39/44 MP: 1/14
  2284 | D:4      | Reached skill level 5 in Dodging
  2513 | D:4      | Reached XP level 7. HP: 50/50 MP: 3/15
  2606 | D:4      | Found a large runed translucent door.
  2606 | D:4      | Found a large runed translucent door.
  2619 | D:4      | Found a large runed translucent door.
  2619 | D:4      | Found a large runed translucent door.
  3144 | D:4      | Noticed a yak
  3158 | D:4      | Killed a yak
  3159 | D:4      | Reached skill level 5 in Stealth
  3481 | D:4      | Got a masterwork battleaxe
  3490 | D:4      | Identified the +3 battleaxe "Dragon's Tongue" {elec, Str+3
                  | Int+10 Stlth-} (You found it on level 4 of the Dungeon)
  3604 | D:4      | Reached XP level 8. HP: 57/57 MP: 0/16
  3902 | D:3      | Noticed Ijyb
  3906 | D:3      | Killed Ijyb
  4022 | D:3      | Noticed Grinder
  4029 | D:3      | Killed Grinder
  4108 | D:3      | Noticed Natasha
  4117 | D:3      | Killed Natasha
  4423 | D:3      | Noticed Natasha
  4431 | D:3      | Killed Natasha
  5353 | D:5      | Found an iron altar of Okawaru.
  5866 | D:6      | Found a radiant altar of Vehumet.
  6298 | D:6      | Found a glowing golden altar of the Shining One.
  6350 | D:6      | Reached XP level 9. HP: 65/65 MP: 18/18
  6505 | D:6      | Found a staircase to the Ecumenical Temple.
  6888 | Temple   | Entered the Ecumenical Temple
  6896 | Temple   | Became a worshipper of Ashenzari the Shackled
  7078 | D:7      | Noticed Harold
  7085 | D:7      | Killed Harold
  7114 | D:7      | Found a flagged portal.
  7121 | D:7      | Noticed Maggie
  7129 | D:7      | Killed Maggie
  7130 | D:7      | Reached skill level 5 in Invocations
  7154 | Bailey   | Entered a bailey
  7553 | Bailey   | Noticed an orc knight
  7554 | Bailey   | Noticed an orc knight
  7562 | Bailey   | Killed an orc knight
  7563 | Bailey   | Reached XP level 10. HP: 73/73 MP: 4/20
  7567 | Bailey   | Killed an orc knight
  7568 | Bailey   | Reached skill level 5 in Fighting
  7568 | Bailey   | Reached skill level 5 in Short Blades
  7568 | Bailey   | Reached skill level 5 in Long Blades
  7568 | Bailey   | Reached skill level 5 in Axes
  7568 | Bailey   | Reached skill level 5 in Maces & Flails
  7568 | Bailey   | Reached skill level 5 in Polearms
  7568 | Bailey   | Reached skill level 5 in Staves
  7568 | Bailey   | Reached skill level 5 in Slings
  7568 | Bailey   | Reached skill level 5 in Bows
  7568 | Bailey   | Reached skill level 5 in Crossbows
  7568 | Bailey   | Reached skill level 5 in Throwing
  7568 | Bailey   | Reached skill level 5 in Armour
  7568 | Bailey   | Reached skill level 5 in Shields
  7568 | Bailey   | Reached skill level 5 in Unarmed Combat
  7568 | Bailey   | Reached skill level 5 in Evocations
  8162 | D:7      | Found Jyut's Antique Weapon Shoppe.
  8557 | D:7      | Noticed Prince Ribbit
  8586 | D:7      | Killed Prince Ribbit
  8587 | D:7      | Reached skill level 5 in Transmutations
  9493 | D:8      | Noticed Gastronok
  9512 | D:8      | Killed from afar by Gastronok

Illustrated notes

Levels and vault maps discovered:
D:1:      saegor_arrival_simple_e, layout_loops_ring, serial_bayou_pond_a
D:2:      layout_loops_ring, chequers_ecumenical_altar_simple_redux,
          chequers_mini_garden
D:3:      layout_loops_ring, minmay_fountain_box, uniq_ijyb, uniq_grinder,
          uniq_natasha
D:4:      layout_cave_pools, enter_ossuary_4, minmay_hollow_rounded_squares,
          uniq_edmund
D:5:      layout_basic, okawaru_trees_2
D:6:      layout_basic, minmay_temple_entry_statues_fountains, basic_altar,
          tso_metal_star
D:7:      layout_basic, serial_shops, shop, enter_bailey_2, uniq_harold,
          uniq_prince_ribbit1, uniq_maggie
D:8:      layout_layer_cave, special_room [special_room_orc],
          minmay_misc_feat_columns, minmay_unpleasant_kobolds, uniq_gastronok
Temple:   dpeg_three_leaves_temple

Skill      XL: |  1  2  3  4  5  6  7  8  9 10 |
---------------+-------------------------------+-----
Transmutations | 2 3 4 5 |  5.0
Spellcasting   | 5 6 7 |  7.4
Invocations    | 1 2 3 4 5 |  5.9
Fighting       | 1 2 3 4 5 |  5.4
Short Blades   | 1 2 3 4 5 |  5.4
Long Blades    | 1 2 3 4 5 |  5.4
Axes           | 1 2 3 4 5 |  5.4
Maces & Flails | 1 2 3 4 5 |  5.4
Polearms       | 1 2 3 4 5 |  5.4
Staves         | 1 2 3 4 5 |  5.4
Slings         | 1 2 3 4 5 |  5.4
Bows           | 1 2 3 4 5 |  5.4
Crossbows      | 1 2 3 4 5 |  5.7
Throwing       | 1 2 3 4 5 |  5.4
Armour         | 1 2 3 4 5 |  5.4
Shields        | 1 2 3 4 5 |  5.4
Unarmed Combat | 1 2 3 4 5 |  5.4
Conjurations   | 1 2 3 4 |  4.4
Hexes          | 1 2 3 4 |  4.4
Summonings     | 1 2 3 4 |  4.4
Necromancy     | 1 2 3 4 |  4.4
Translocations | 1 2 3 4 |  4.4
Fire Magic     | 1 2 3 4 |  4.4
Ice Magic      | 1 2 3 4 |  4.4
Air Magic      | 1 2 3 4 |  4.4
Earth Magic    | 1 2 3 4 |  4.4
Evocations     | 1 2 3 4 5 |  5.4
Dodging        | 5 6 7 |  7.1
Stealth        | 5 6 |  6.9
Poison Magic   | 6 7 |  7.1

Action                   |  1- 3 |  4- 6 |  7- 9 | 10-12 || total
-------------------------+-------+-------+-------+-------++-------
Melee: Unarmed           |    19 |       |       |       ||    19
       Bite              |     4 |     3 |    12 |       ||    19
       Short sword       |    28 |    27 |    26 |       ||    81
       Punch             |       |     1 |     1 |       ||     2
       Battleaxe         |       |       |    83 |       ||    83
 Fire: Fustibalus        |       |       |    45 |   104 ||   149
 Cast: Sting             |    40 |     9 |    97 |       ||   146
       Olgreb's Toxic Ra |       |     9 |    12 |     7 ||    28
       Ignite Poison     |       |     3 |     5 |     1 ||     9
       Mephitic Cloud    |       |       |     1 |       ||     1
Invok: Curse Item        |       |       |     1 |       ||     1
  Use: Scroll            |     4 |       |     7 |       ||    11
 Stab: Sleeping          |     3 |       |     1 |       ||     4
Armor: Robe              |     7 |       |    14 |    15 ||    36
Dodge: Dodged            |    62 |    17 |   112 |    40 ||   231
